 Dungeon Crawl Stone Soup version 0.28-a0-1429-gf3d713df7a (webtiles) character file.

Game seed: 17205306343264919586

896 riojii the Magician (level 8, -2/50 HPs)
             Began as a Djinni Fire Elementalist on Jan 9, 2022.
             Was an Initiate of Hepliaklqana.
             Shot with an arrow by a centaur (5 damage)
             ... on level 5 of the Dungeon.
             The game lasted 00:10:55 (6669 turns).

riojii the Magician (Djinni Fire Elementalist)      Turns: 6669, Time: 00:10:55

Health: -2/50      AC:  2    Str:  7    XL:     8   Next: 27%
Gold:   187        EV: 13    Int: 18    God:    Hepliaklqana [......] SH:  0 Dex: 21

rFire   + + .      SeeInvis .   o - +5 flail of Awkwardness {vorpal, +Blink}
rCold   . . .      Faith    .   (no shield)
rNeg    . . .      Spirit   .   a - +0 robe
rPois   ∞          Reflect  .   (no helmet)
rElec   .          Harm     .   (no cloak)
rCorr   .          Rampage  .   (no gloves)
Will    .....                   (boots unavailable)
Stlth   ++........              (no amulet)
HPRegen 0.16/turn               m - +6 ring of dexterity
MPRegen 0.00/turn               j - ring of protection from cold

@: flying
A: sickness immunity, fire resistance 2, cold vulnerability 1, float, innate
caster, hp casting, extra vitality 1
a: Renounce Religion, Evoke Blink


You were on level 5 of the Dungeon.
You worshipped Hepliaklqana.
Hepliaklqana was noncommittal.
You visited 2 branches of the dungeon, and saw 6 of its levels.

You collected 187 gold pieces.

Inventory:

Hand Weapons
 o - the +5 flail of Awkwardness (weapon) {vorpal, +Blink}
   (You found it on level 4 of the Dungeon)

   It inflicts extra damage upon your enemies.
   +Blink:    It lets you blink.
Armour
 a - a +0 robe (worn)
 f - a +0 leather armour
Jewellery
 j - a ring of protection from cold (right hand)
 m - a +6 ring of dexterity (left hand)
 t - a ring of see invisible
Wands
 r - a wand of charming (1)
Scrolls
 b - a scroll of blinking {unknown}
 c - 2 scrolls of teleportation
 h - a scroll of summoning {unknown}
 i - a scroll of amnesia {unknown}
 k - a scroll of identify {unknown}
 l - a scroll of silence {unknown}
 p - a scroll of enchant weapon {unknown}
 q - a scroll of noise {unknown}
Potions
 d - a potion of attraction {unknown}
 e - a potion of mutation {unknown}
 g - a potion of might {unknown}
 n - 2 potions of curing {unknown}
 s - a potion of brilliance {unknown}
 u - a potion of heal wounds {unknown}
 v - a potion of lignification {unknown}


   Skills:
 - Level 2.1 Dodging
 - Level 1.5 Stealth
 + Level 7.3 Spellcasting


You had 2 spell levels left.
You knew the following spells:

 Your Spells              Type           Power      Damage    Failure   Level
a - Foxfire               Conj/Fire      100%       2x1d9     1%          1
b - Scorch                Fire           64%        2d8       1%          2
c - Conjure Flame         Conj/Fire      32%        6-21      1%          3
d - Inner Flame           Hex/Fire       32%        N/A       1%          3
e - Flame Wave            Conj/Fire      32%        2d7       5%          4
f - Animate Skeleton      Necr           64%        N/A       1%          1
g - Blink                 Tloc           64%        N/A       1%          2
h - Spider Form           Tmut/Pois      32%        N/A       1%          3
Your spell library was empty.

Dungeon Overview and Level Annotations

Branches:
Dungeon (5/15)             Temple (1/1) D:4

Altars:
Ashenzari
Cheibriados
Elyvilon
Fedhas
Gozag
Hepliaklqana
Kikubaaqudgha
Makhleb
Nemelex Xobeh
Okawaru
Qazlal
Sif Muna
Trog
Uskayaw
Wu Jian
Xom
Yredelemnul
Zin
The Shining One


Innate Abilities, Weirdness & Mutations

You are immune to sickness and miasma.
You are immune to poison.
Your flesh is very heat resistant. (rF++)
You are vulnerable to cold. (rC-)
You float through the air rather than walking.
You learn spells naturally, not from books.
Your magical power is your life essence.
You have superior vitality. (+4 MHP)


Message History

Casting: Scorch (safe; 1% risk of failure)
Confirm with . or Enter, or press ? or * to list all spells.
Flames lash the centaur.
The centaur is burned terribly!
The centaur is severely wounded.
The centaur shouts!
The centaur shoots an arrow.
The arrow misses you.
Casting: Scorch (safe; 1% risk of failure)
Confirm with . or Enter, or press ? or * to list all spells.
Flames lash the centaur.
The centaur is moderately wounded.
The centaur's fire resistance burns away.
The centaur wields a +1 shortbow of freezing.
It is covered in frost.
The centaur shoots an arrow.
The arrow misses you.
Casting: Scorch (safe; 1% risk of failure)
Confirm with . or Enter, or press ? or * to list all spells.
Flames lash the centaur.
The centaur is burned terribly!
The centaur is moderately wounded.
The centaur shoots an arrow.
The arrow barely misses you.
The centaur shoots an arrow.
The arrow hits you! The arrow freezes you.
Casting: Scorch (safe; 1% risk of failure)
Confirm with . or Enter, or press ? or * to list all spells.
Flames lash the centaur.
The centaur is burned terribly!
The centaur is severely wounded.
The centaur shoots an arrow.
The arrow hits you! The arrow freezes you.
Casting: Scorch (safe; 1% risk of failure)
Confirm with . or Enter, or press ? or * to list all spells.
Flames lash the centaur.
The centaur is burned terribly!
You kill the centaur!
* * * LOW HITPOINT WARNING * * *
The centaur shoots an arrow.
The arrow hits you!
* * * LOW HITPOINT WARNING * * *
The arrow freezes you.
* * * LOW HITPOINT WARNING * * *
The centaur shoots an arrow.
The arrow barely misses you.
Aiming: Charm
Press: ? - help, Shift-Dir - straight line, f - centaur
Aim: a centaur, wielding a +0 shortbow of freezing and quivering arrows (severely wounded, chance to affect: 49%)
The centaur resists with some effort.
The centaur shoots an arrow.
The arrow hits you.
You die...

#....#................#......
#....'................#......
#....#....(...........+......
#####....###############+##......
...............................##
...............................#.
...............................#.
..............c................'.
..............##@##............#.
############.##...# ........##'
#....#..##.# .......#..
#.....).:.... .......#..
##...#.##..#.. .......#..
.....##.. .############ .......
#.# . ...#..... ... # ...####..
###


You could see a centaur.

Vanquished Creatures
  A sky beast (D:5)
  A centaur (D:5)
  A bullfrog (D:5)
  A scorpion (D:5)
  3 jellies
  4 orc priests
  2 bullfrog skeletons (D:4)
  A centaur skeleton (D:5)
  Terence (D:2)
  An iguana (D:5)
  3 orc wizards
  2 hound skeletons (D:4)
  A howler monkey zombie (D:5)
  5 adders
  A white imp (D:5)
  An adder zombie (D:5)
  3 dart slugs
  2 worms
  11 orcs
  8 endoplasms
  A giant cockroach (D:1)
  3 goblins
  8 hobgoblins
  3 quokkas
  5 ball pythons
  5 bats
  3 frilled lizards
  7 kobolds
  6 rats
94 creatures vanquished.

Vanquished Creatures (others)
  181 foxfires
181 creatures vanquished.

Grand Total: 275 creatures vanquished

Notes
Turn   | Place    | Note
-------+----------+-------------------------------------------
     0 | D:1      | riojii the Djinni Fire Elementalist began the quest for the
                  | Orb.
     0 | D:1      | Reached XP level 1. HP: 15/15 MP: 0/0
   355 | D:1      | Reached XP level 2. HP: 8/21 MP: 0/0
   596 | D:1      | Reached skill level 3 in Spellcasting
  1389 | D:1      | Reached XP level 3. HP: 24/25 MP: 0/0
  1389 | D:1      | Learned a level 1 spell: Animate Skeleton
  2376 | D:2      | Noticed Terence
  2386 | D:2      | Killed Terence
  2387 | D:2      | Reached XP level 4. HP: 12/31 MP: 0/0
  3122 | D:3      | Reached skill level 4 in Spellcasting
  3122 | D:3      | Reached XP level 5. HP: 21/35 MP: 0/0
  3122 | D:3      | Learned a level 2 spell: Blink
  3362 | D:3      | Reached XP level 6. HP: 28/40 MP: 0/0
  3521 | D:3      | Reached skill level 5 in Spellcasting
  4187 | D:3      | Found a snail-covered altar of Cheibriados.
  4645 | D:4      | Found a bloodstained altar of Trog.
  4948 | D:4      | Reached XP level 7. HP: 39/45 MP: 0/0
  4948 | D:4      | Learned a level 3 spell: Spider Form
  5010 | D:4      | Identified the +5 flail of Awkwardness {vorpal, +Blink}
  5066 | D:4      | Found a staircase to the Ecumenical Temple.
  5071 | Temple   | Entered the Ecumenical Temple
  5671 | D:4      | Reached skill level 6 in Spellcasting
  5846 | D:5      | Entered Level 5 of the Dungeon
  6303 | D:5      | Found a hazy altar of Hepliaklqana.
  6308 | D:5      | Reached XP level 8. HP: 46/50 MP: 0/0
  6309 | D:5      | Became a worshipper of Hepliaklqana the Forgotten
  6418 | D:5      | Reached skill level 7 in Spellcasting
  6663 | D:5      | HP: 2/50 [centaur/arrow (3)]
  6669 | D:5      | Shot with an arrow by a centaur

Illustrated notes

Levels and vault maps discovered:
D:1:      amcnicky_arrival_abandoned_market, layout_basic, minmay_cupped
D:2:      layout_loops_cross, st_stairs_7, uniq_terence
D:3:      layout_basic, slow_altar_2, minivault_4, bh_walls_and_bars
D:4:      layout_basic, kennysheep_little_box, minmay_temple_entry_ruins
D:5:      layout_gridville, mainiacjoe_overflow_alcove_1, minmay_manual_mares
Temple:   regret_index_temple_sphere_string

Skill      XL: |  1  2  3  4  5  6  7  8 |
---------------+-------------------------+-----
Spellcasting   | 3 4 5 6 7 |  7.3
Dodging        | |  2.1
Stealth        | |  1.5

Action                   |  1- 3 |  4- 6 |  7- 9 || total
-------------------------+-------+-------+-------++-------
Melee: Unarmed           |     4 |       |       ||     4
 Cast: Foxfire           |    47 |    37 |    26 ||   110
       Scorch            |    19 |    29 |    29 ||    77
       Conjure Flame     |     1 |       |       ||     1
Evoke: Wand              |       |       |     1 ||     1
  Use: Scroll            |       |     3 |       ||     3
Armor: Robe              |     1 |     4 |     3 ||     8
Dodge: Dodged            |    15 |     3 |    12 ||    30

Table legend: (Time is in decaauts)
 A = Elapsed time spent in this place.
 B = Non-inter-level travel time spent in this place.
 C = Inter-level travel time spent in this place.
 D = Time resting spent in this place.
 E = Time spent auto-exploring this place.
 F = Levels seen in this place.
 G = Mean time per level.
                   A        B        C        D        E       F      G
               +--------+--------+--------+--------+--------+-----+--------+
         Total |   6668 |   6567 |    101 |    808 |   5089 |   6 | 1111.3 |
       Dungeon |   6480 |   6397 |     83 |    808 |   4940 |   5 | 1296.0 |
        Temple |    187 |    169 |     18 |      0 |    149 |   1 |  187.0 |
               +--------+--------+--------+--------+--------+-----+--------+

Top non-repeatable levels by time:
     D:1: 1874 daAuts
     D:4: 1411 daAuts
     D:2: 1210 daAuts
     D:3: 1160 daAuts
     D:5: 822 daAuts
  Temple: 187 daAuts
